AoeStats
← VaporingCat7235

Arabia

510326484Analyzed
1v1 RM · 16h ago on Sep 30, 2026· 45m 49s· 2 players
Game mode
Random Map
Map size
Tiny (2 player)
Population
200
Speed
Normal
Resources
Standard
Victory
Conquest
Starting age
Dark Age
Ending age
Imperial Age
RankedLock teamsTeams togetherTeam positionsShared explorationLock speedFull tech treeHidden civsTurbo modeCheats
Victory
Defeat
🇪🇸 Franks · Spain
477
+31
🇧🇷 Tupi · Brazil
552
-19
VaporingCat7235
10:56 Loom
12:48 Feudal Age
14:20 Double-Bit Axe
23:08 Castle Age
25:15 Scale Barding Armor
26:49 Chain Barding Armor
27:38 Husbandry
26:59 Light Cavalry
38:40 Forging
41:47 Iron Casting
44:32 Wheelbarrow
45:22 Gold Mining
45:23 Stone Mining
A.l.m.d.4
11:07 Feudal Age
11:31 Horse Collar
11:39 Double-Bit Axe
19:55 Castle Age
17:38 Champi Runner
18:27 Gold Mining
18:48 Stone Mining
19:05 Fletching
19:39 Scale Mail Armor
20:48 Loom
21:40 Heavy Plow
21:56 Squires
23:16 Bow Saw
27:46 Pikeman
28:49 Murder Holes
29:45 Heated Shot
36:42 Wheelbarrow
40:41 Crossbowman
41:43 Forging
44:05 Padded Archer Armor
Connection lost

Rejoining the realm…

Still unreachable

The connection could not be restored.

Session expired

The server has moved on; the page needs a fresh start.